 Dungeon Crawl Stone Soup version 0.30-a0-476-g330ca2eb8e (webtiles) character file.

Game seed: 4075102795378939233

588 Raultor the Changer (level 7, -2/69 HPs)
             Began as an Octopode Transmuter on Dec 21, 2022.
             Was an Initiate of Gozag.
             Slain by Turgor's ghost (5 damage)
             ... on level 5 of the Dungeon.
             The game lasted 00:08:09 (4447 turns).

Raultor the Changer (Octopode Transmuter)           Turns: 4447, Time: 00:08:09

Health: -2/69      AC: 23    Str: 10    XL:     7   Next: 38%
Magic:  6/10       EV:  2    Int: 17    God:    Gozag
Gold:   271        SH:  0    Dex: 18    Spells: 3/10 levels left

rFire   . . .      SeeInvis +      - Unarmed
rCold   . . .      Faith    .    (no shield)
rNeg    . . .      Spirit   .    (helmet currently unavailable)
rPois   +          Reflect  .    i - amulet of the acrobat
rElec   .          Harm     .    v - ring of see invisible
rCorr   .          Rampage  .    D - +6 ring of dexterity
Will    .....      NoTele   +    (no ring)
Stlth   ++........               (no ring)
HPRegen 0.31/turn                (no ring)
MPRegen 0.12/turn                (no ring)
                                 (no ring)
                                 (no ring)

@: tree-form
A: stationary, stasis, torment immunity, boosted hp, almost no armour,
(amphibious), 8 rings, (camouflage 1), (gelatinous body 1), (nimble swimmer 1),
(tentacles)
a: Renounce Religion, Potion Petition, Call Merchant, Bribe Branch


You were on level 5 of the Dungeon.
You worshipped Gozag.
Gozag was aware of your devotion.
You were a tree.
You visited 2 branches of the dungeon, and saw 7 of its levels.

You collected 313 gold pieces.
You paid 42 gold pieces to Gozag.


Innate Abilities, Weirdness & Mutations

You are a tree.
Your roots penetrate the ground, keeping you stationary.
You cannot be teleported.
You are immune to unholy pain and torment.
Your maximum health is greatly increased.
You cannot wear most types of armour.
((You are amphibious.))
You can wear up to eight rings at the same time.
((Your skin changes colour to match your surroundings (Stealth+).))
((Your rubbery body absorbs attacks. (AC +1, EV +1)))
((You are camouflaged when in or above water. (Stealth+)))
((You have tentacles for arms and can constrict up to eight enemies at once.))


   Skills:
 - Level 3.1 Fighting
 - Level 2.0 Dodging
 - Level 4.2 Unarmed Combat
 - Level 2.0 Spellcasting
 * Level 4.8 Transmutations
 * Level 4.2 Ice Magic


You had 3 spell levels left.
You knew the following spells:

 Your Spells              Type           Power      Damage    Failure   Level
b - Beastly Appendage     Tmut           36%        N/A       2%          1
c - Ice Form              Ice/Tmut       17%        N/A       30%         4
w - Wereblood             Tmut           18%        N/A       4%          2

Your spell library contained the following spells:

 Spells                   Type           Power      Damage    Failure   Level
 Spider Form              Tmut/Pois      9%         N/A       22%         3

Inventory:

Missiles
 n - 4 javelins
Jewellery
 i - an amulet of the acrobat (around neck)
 v - a ring of see invisible (left branch)
 D - a +6 ring of dexterity (right branch)
 F - a ring of protection from fire
Wands
 o - a wand of mindburst (11)
 p - a wand of roots (12)
 q - a wand of light (10)
Scrolls
 b - 2 scrolls of magic mapping {unknown}
 c - a scroll of fog {unknown}
 d - 2 scrolls of amnesia {unknown}
 e - a scroll of identify {unknown}
 f - a scroll of enchant weapon {unknown}
 g - 2 scrolls of teleportation {unknown}
 h - a scroll of blinking {unknown}
 r - a scroll of brand weapon {unknown}
Potions
 a - 2 potions of lignification
 j - a potion of brilliance {unknown}
 k - a potion of invisibility {unknown}
 l - a potion of curing {unknown}
 m - 2 potions of might {unknown}

Dungeon Overview and Level Annotations

Branches:
Dungeon (6/15)             Temple (1/1) D:4

Altars:
Ashenzari
Cheibriados
Dithmenos
Elyvilon
Fedhas
Gozag
Kikubaaqudgha
Makhleb
Okawaru
Qazlal
Ru
Sif Muna
Trog
Uskayaw
Vehumet
Wu Jian
Yredelemnul

Annotations:
D:5 Grinder; Turgor's ghost, amateur DsGl
D:6 1 runed translucent door, Sigmund; tilp's ghost, novice MeFi

#....... ▒▒▒▒▒
.#....... ▒▒▒.▒.▒▒▒
.....#... ▒▒..(..▒.
.....##.. ▒~▒≈.≈.~▒
......... ▒.~⌠≈▒.~▒▒
..##..... ▒~......▒
##......
#▒▒▒▒W'▒▒▒▒.......#...
#....♣.........#..#...
##........#.....#......
#....#..#.#........##..
#..#...................
## #.....░.░.....#.....
####...⚑....###.....
##.....░.░...###.....
#............#.......
###.................#


You could see Turgor's ghost.


Message History

Turgor's ghost is severely damaged.
Turgor's ghost hits you but does no damage.
You hit Turgor's ghost.
Turgor's ghost is almost destroyed.
Turgor's ghost hits you but does no damage.
You hit Turgor's ghost but do no damage.
Turgor's ghost is almost destroyed.
Turgor's ghost hits you but does no damage.
You hit Turgor's ghost but do no damage.
Your punch misses Turgor's ghost.
Turgor's ghost is almost destroyed.
Turgor's ghost hits you!
* * * LOW HITPOINT WARNING * * *
You barely miss Turgor's ghost.
Turgor's ghost is almost destroyed.
Turgor's ghost hits you but does no damage.
You hit Turgor's ghost but do no damage.
Turgor's ghost is almost destroyed.
Turgor's ghost hits you.
* * * LOW HITPOINT WARNING * * *
You hit Turgor's ghost but do no damage.
Turgor's ghost is almost destroyed.
Turgor's ghost hits you.
* * * LOW HITPOINT WARNING * * *
You barely miss Turgor's ghost.
You punch Turgor's ghost, but do no damage.
Turgor's ghost is almost destroyed.
Turgor's ghost hits you.
You die...
Your body crumbles into a pile of gold.

Skill      XL: |  1  2  3  4  5  6  7 |
---------------+----------------------+-----
Ice Magic      | 1 2 3 4 |  4.2
Transmutations | 3 4 |  4.8
Fighting       | 2 3 |  3.1
Unarmed Combat | 4 |  4.2
Dodging        | |  2.0
Spellcasting   | |  2.0

Action                   |  1- 3 |  4- 6 |  7- 9 || total
-------------------------+-------+-------+-------++-------
Melee: Unarmed           |    96 |    75 |    67 ||   238
       Tentacles         |    18 |     7 |     5 ||    30
       Constrict         |    24 |     6 |     4 ||    34
       Kick              |     9 |     7 |     3 ||    19
       Punch             |     7 |       |     4 ||    11
 Cast: Beastly Appendage |    10 |     5 |       ||    15
       Ice Form          |       |     3 |     2 ||     5
Evoke: Wand              |       |       |     1 ||     1
  Use: Potion            |       |       |     1 ||     1
 Stab: Sleeping          |     7 |       |       ||     7
Armor: Skin              |     9 |     3 |    17 ||    29
Dodge: Dodged            |    70 |    38 |    21 ||   129

Levels and vault maps discovered:
D:1:      dpeg_arrival_simpleton_a, layout_rooms, serial_glass, glass_columns_a,
          glass_columns_b
D:2:      layout_basic, minivault_4, chequers_serial_rivers_large_b
D:3:      layout_loops_ring
D:4:      layout_rooms, minmay_temple_entry_large_hall,
          kennysheep_generic_room_12
D:5:      layout_cave_pools, lemuel_crystal_altar, xom_redecorated,
          ebering_ghost_disaster_area, uniq_ijyb, uniq_grinder
D:6:      layout_rooms, gammafunk_ghost_grave, grunt_tough_drop, uniq_sigmund
Temple:   compressed_dpeg_triangle_lava_temple

Notes
Turn   | Place    | Note
-------+----------+-------------------------------------------
     0 | D:1      | Raultor the Octopode Transmuter began the quest for the
                  | Orb.
     0 | D:1      | Reached XP level 1. HP: 13/13 MP: 3/3
   111 | D:1      | Reached XP level 2. HP: 12/18 MP: 3/5
   231 | D:1      | Reached skill level 1 in Ice Magic
   477 | D:1      | Reached XP level 3. HP: 20/23 MP: 6/6
   816 | D:2      | Learned a level 2 spell: Wereblood
  2209 | D:3      | Reached XP level 4. HP: 29/29 MP: 5/7
  2253 | D:3      | Learned a level 4 spell: Ice Form
  2628 | D:4      | Reached skill level 2 in Ice Magic
  2629 | D:4      | Reached skill level 3 in Transmutations
  2918 | D:4      | Noticed an ogre
  3024 | D:4      | Killed an ogre
  3025 | D:4      | Reached skill level 2 in Fighting
  3025 | D:4      | Reached XP level 5. HP: 7/34 MP: 4/8
  3145 | D:4      | Found a staircase to the Ecumenical Temple.
  3154 | Temple   | Entered the Ecumenical Temple
  3231 | Temple   | Became a worshipper of Gozag Ym Sagoz the Greedy
  3494 | D:5      | Entered Level 5 of the Dungeon
  3504 | D:5      | Noticed Ijyb
  3607 | D:5      | Killed Ijyb
  3608 | D:5      | Reached skill level 3 in Ice Magic
  3614 | D:5      | Noticed Grinder
  3623 | D:6      | Noticed a centaur
  3635 | D:6      | Killed a centaur
  3636 | D:6      | Reached skill level 4 in Transmutations
  3636 | D:6      | Reached XP level 6. HP: 24/41 MP: 0/9
  3789 | D:6      | Reached skill level 4 in Unarmed Combat
  3881 | D:6      | Identified a +2 robe of resistance
  3881 | D:6      | Noticed Sigmund
  3955 | D:6      | Reached XP level 7. HP: 20/45 MP: 8/10
  3976 | D:6      | Noticed tilp's ghost (novice MeFi)
  3976 | D:6      | Found a runed translucent door.
  4109 | D:5      | Reached skill level 3 in Fighting
  4109 | D:5      | Reached skill level 4 in Ice Magic
  4389 | D:5      | Found an iron altar of Okawaru.
  4396 | D:5      | Found a large runed translucent door.
  4396 | D:5      | Found a large runed translucent door.
  4401 | D:5      | Noticed Turgor's ghost (amateur DsGl)
  4445 | D:5      | HP: 4/69 [Turgor's ghost (6)]
  4447 | D:5      | Slain by Turgor's ghost

Vanquished Creatures
  An ogre (D:4)
  A centaur (D:6)
  2 phantoms
  A hound (D:5)
  2 jellies (D:6)
  2 iguanas
  Ijyb (D:5)
  4 adders
  A gnoll (D:6)
  A worm (D:5)
  3 dart slugs
  5 ball pythons
  4 bats
  4 endoplasms
  A giant cockroach (D:3)
  5 goblins
  3 hobgoblins
  8 jackals
  5 kobolds
  2 quokkas
  4 frilled lizards
  6 rats
66 creatures vanquished.

Vanquished Creatures (others)
  2 withered plants (D:6)
2 creatures vanquished.

Grand Total: 68 creatures vanquished

Table legend: (Time is in decaauts)
 A = Elapsed time spent in this place.
 B = Non-inter-level travel time spent in this place.
 C = Inter-level travel time spent in this place.
 D = Time resting spent in this place.
 E = Time spent auto-exploring this place.
 F = Levels seen in this place.
 G = Mean time per level.
                   A        B        C        D        E       F      G
               +--------+--------+--------+--------+--------+-----+--------+
         Total |   4430 |   4290 |    140 |    545 |   2990 |   7 |  632.9 |
       Dungeon |   4213 |   4085 |    128 |    545 |   2809 |   6 |  702.2 |
        Temple |    216 |    204 |     12 |      0 |    181 |   1 |  216.0 |
               +--------+--------+--------+--------+--------+-----+--------+

Top non-repeatable levels by time:
     D:2: 1231 daAuts
     D:3: 774 daAuts
     D:4: 639 daAuts
     D:1: 623 daAuts
     D:6: 524 daAuts
     D:5: 419 daAuts
  Temple: 216 daAuts

Table legend:
 A = Non-vault XP
 B = Vault XP
 C = Vault XP percentage of total XP
 D = Non-vault monster count
 E = Vault monster count
 F = Vault count percentage of total count
                 A         B        C        D         E       F
            +---------+---------+-------+---------+---------+-------
      Total |     806 |      35 |   4.2 |      65 |       1 |   1.5
            +---------+---------+-------+---------+---------+-------
        D:1 |      37 |       0 |   0.0 |      20 |       0 |   0.0
        D:2 |      22 |       0 |   0.0 |      13 |       0 |   0.0
        D:3 |      30 |       0 |   0.0 |       9 |       0 |   0.0
        D:4 |     141 |       0 |   0.0 |       8 |       0 |   0.0
        D:5 |     194 |      35 |  15.3 |       7 |       1 |  12.5
        D:6 |     382 |       0 |   0.0 |       8 |       0 |   0.0
            +---------+---------+-------+---------+---------+-------
